 Dungeon Crawl Stone Soup version 0.30-a0-715-gdb4ae3ece1 (webtiles) character file.

Game seed: 12986134839156497360

100 NinjaNoafa the Geomancer (level 4, 0/34 HPs)
             Began as a Gnoll Wanderer on Jan 24, 2023.
             Frozen to death by an endoplasm (1 damage)
             ... on level 3 of the Dungeon.
             The game lasted 00:02:53 (2277 turns).

NinjaNoafa the Geomancer (Gnoll Wanderer)           Turns: 2277, Time: 00:02:53

Health: 0/34       AC:  4    Str: 13    XL:     4   Next: 73%
Magic:  4/8        EV: 11    Int: 13    God:
Gold:   91         SH:  0    Dex: 10    Spells: 8/9 levels left

rFire   . . .      SeeInvis .    l - +1 dagger (elec)
rCold   . . .      Faith    .    (no shield)
rNeg    . . .      Spirit   .    e - +0 leather armour
rPois   .          Reflect  .    (no helmet)
rElec   .          Harm     .    f - +0 cloak
rCorr   .          Rampage  .    (no gloves)
Will    .....                    (no boots)
Stlth   +                        m - amulet of the acrobat
HPRegen 0.25/turn                (no ring)
MPRegen 0.11/turn                (no ring)

@: no status effects
A: fangs 1, strong nose, distributed training
a: no special abilities


You were on level 3 of the Dungeon.
You visited 1 branch of the dungeon, and saw 3 of its levels.

You collected 91 gold pieces.

Inventory:

Hand Weapons
 l - a +1 dagger of electrocution (weapon)
Missiles
 b - 12 poisoned darts
 o - 3 curare-tipped darts
Armour
 e - a +0 leather armour (worn)
 f - a +0 cloak (worn)
Jewellery
 g - an amulet of faith
 m - an amulet of the acrobat (around neck)
Wands
 n - a wand of iceblast (6)
Scrolls
 d - a scroll of fear
 h - a scroll of vulnerability {unknown}
 i - 2 scrolls of teleportation {unknown}
 j - a scroll of torment {unknown}
 k - a scroll of identify {unknown}
Potions
 a - a potion of cancellation {unknown}
 c - 2 potions of lignification
 p - a potion of mutation {unknown}


   Skills:
 + Level 2.8 Fighting
 + Level 1.2 Short Blades
 + Level 1.2 Long Blades
 + Level 1.2 Axes
 + Level 1.2 Maces & Flails
 + Level 1.2 Polearms
 + Level 1.2 Staves
 + Level 1.2 Ranged Weapons
 + Level 2.8 Throwing
 + Level 1.2 Armour
 + Level 1.2 Dodging
 + Level 1.2 Stealth
 + Level 1.2 Shields
 + Level 2.8 Unarmed Combat
 + Level 3.0 Spellcasting
 + Level 1.0 Conjurations
 + Level 1.0 Hexes
 + Level 1.0 Summonings
 + Level 1.0 Necromancy
 + Level 1.0 Translocations
 + Level 1.0 Transmutations
 + Level 1.0 Fire Magic
 + Level 1.0 Ice Magic
 + Level 1.0 Air Magic
 + Level 8.8 Earth Magic
 + Level 1.0 Poison Magic
 + Level 1.4 Invocations
 + Level 2.8 Evocations


You had 8 spell levels left.
You knew the following spells:

 Your Spells              Type           Power      Damage    Failure   Level
a - Sandblast             Erth           48%        2d12      1%          1

Your spell library contained the following spells:

 Spells                   Type           Power      Damage    Failure   Level
 Stone Arrow              Conj/Erth      28%        3d8       12%         3
 Kiss of Death            Conj/Necr      16%        2d6       19%         1
 Leda's Liquefaction      Hex/Erth       7%         N/A       36%         4
 Confusing Touch          Hex            4%         N/A       50%         3
 Dispel Undead            Necr           4%         3d7       88%         4


Dungeon Overview and Level Annotations

Branches:
Dungeon (3/15)

Altars:

Shops:
D:2 [


Innate Abilities, Weirdness & Mutations

You have very sharp teeth.
Your uncanny sense of smell can sniff out nearby items.
Your experience applies equally to all skills.


Message History

The adder closely misses you.
The blast of sand hits the adder!!
You kill the adder!
You feel sick. The endoplasm freezes you.
You are frozen.
A goblin comes into view. It is wielding a +0 club.
The endoplasm barely misses you.
The blast of sand hits the orc priest!
The orc priest is almost dead.
The goblin shouts!
You feel sick.
You are no longer poisoned.
You hear an angry hiss.
An orc comes into view. It is wielding a +0 whip.
The orc priest calls down the wrath of Beogh upon you.
Beogh smites you!
* * * LOW HITPOINT WARNING * * *
The endoplasm freezes you.
You are frozen.
* * * LOW HITPOINT WARNING * * *
You barely miss the orc priest.
The orc shouts!
Your punch misses the orc priest.
You bite the orc priest, but do no damage.
The orc priest is almost dead.
The orc priest hits you with a +0 hand axe.
* * * LOW HITPOINT WARNING * * *
A kobold comes into view. It is wielding a +0 short sword.
The endoplasm hits you.
* * * LOW HITPOINT WARNING * * *
Aiming: Sandblast (safe; 1% risk of failure)
Press: ? - help, Q - select action, (/) - cycle Shift-Dir - straight line, f/p - orc priest
Aim: an orc priest, wielding a +0 hand axe (almost dead, 83% to hit)
The blast of sand hits the orc priest!
You kill the orc priest!
The kobold shouts!
The endoplasm freezes you.
You are frozen.
You die...

######.# ....##.# #
...... ....##.# #.
......
....##.####$######......
..[.'..#.##...#......g.K
....####.####...#....o..
....# #........#.......
....# #.#####..J.......
'#######.##.....@o....(.
.#.......##.#....†......
..<.......[.+...........
######..###.#....#......
............+....#...!..
..####....###....#......
...#.# ###### .....
##.##.# ..... #.. .#


You could see 2 orcs, an endoplasm, a goblin and a kobold.

Vanquished Creatures
  An orc priest (D:3)
  3 adders
  3 worms (D:2)
  A dart slug (D:1)
  7 ball pythons
  4 bats (D:1)
  5 endoplasms
  A giant cockroach (D:2)
  7 goblins
  11 hobgoblins
  A jackal (D:1)
  3 quokkas
  2 frilled lizards (D:2)
  3 kobolds
  9 rats
61 creatures vanquished.

Notes
Turn   | Place    | Note
-------+----------+-------------------------------------------
     0 | D:1      | NinjaNoafa the Gnoll Wanderer began the quest for the Orb.
     0 | D:1      | NinjaNoafa set off with the following items: a +0 dagger,
                  | 12 poisoned darts, a potion of lignification, a scroll of
                  | fear, a +0 leather armour; and the following spell
                  | memorised: Sandblast; and the following spells available to
                  | memorise: Stone Arrow, Leda's Liquefaction.
     0 | D:1      | Reached XP level 1. HP: 17/17 MP: 4/4
   117 | D:1      | Reached XP level 2. HP: 23/23 MP: 1/5
   340 | D:1      | Reached XP level 3. HP: 28/28 MP: 1/7
   826 | D:1      | Reached skill level 1 in Invocations
  1127 | D:2      | Found Jint's Antique Armour Shop.
  1185 | D:2      | Reached skill level 1 in Short Blades
  1185 | D:2      | Reached skill level 1 in Long Blades
  1185 | D:2      | Reached skill level 1 in Axes
  1185 | D:2      | Reached skill level 1 in Maces & Flails
  1185 | D:2      | Reached skill level 1 in Polearms
  1185 | D:2      | Reached skill level 1 in Staves
  1185 | D:2      | Reached skill level 1 in Ranged Weapons
  1185 | D:2      | Reached skill level 1 in Armour
  1185 | D:2      | Reached skill level 1 in Dodging
  1185 | D:2      | Reached skill level 1 in Stealth
  1185 | D:2      | Reached skill level 1 in Shields
  1507 | D:2      | Reached XP level 4. HP: 29/34 MP: 0/8
  2088 | D:2      | Reached skill level 1 in Conjurations
  2088 | D:2      | Reached skill level 1 in Hexes
  2088 | D:2      | Reached skill level 1 in Summonings
  2088 | D:2      | Reached skill level 1 in Necromancy
  2088 | D:2      | Reached skill level 1 in Translocations
  2088 | D:2      | Reached skill level 1 in Transmutations
  2088 | D:2      | Reached skill level 1 in Fire Magic
  2088 | D:2      | Reached skill level 1 in Ice Magic
  2088 | D:2      | Reached skill level 1 in Air Magic
  2088 | D:2      | Reached skill level 1 in Poison Magic
  2276 | D:3      | HP: 1/34 [endoplasm (2)]
  2277 | D:3      | Frozen to death by an endoplasm

Illustrated notes

Levels and vault maps discovered:
D:1:      minmay_arrival_arboretum_small, layout_loops_ring, minmay_pentomino_x2
D:2:      layout_basic, serial_shops, nicolae_shop_behind_doors,
          dk_noncrumbling_3, hangedman_decor_clover_reticule,
          minmay_misc_feat_nine_boxes, st_stairs_11
D:3:      layout_basic

Skill      XL: |  1  2  3  4 |
---------------+-------------+-----
Invocations    | 1 |  1.4
Short Blades   | 1 |  1.2
Long Blades    | 1 |  1.2
Axes           | 1 |  1.2
Maces & Flails | 1 |  1.2
Polearms       | 1 |  1.2
Staves         | 1 |  1.2
Ranged Weapons | 1 |  1.2
Armour         | 1 |  1.2
Dodging        | 1 |  1.2
Stealth        | 1 |  1.2
Shields        | 1 |  1.2
Spellcasting   | 3 |  3.0
Conjurations   | 1 |  1.0
Hexes          | 1 |  1.0
Summonings     | 1 |  1.0
Necromancy     | 1 |  1.0
Translocations | 1 |  1.0
Transmutations | 1 |  1.0
Fire Magic     | 1 |  1.0
Ice Magic      | 1 |  1.0
Air Magic      | 1 |  1.0
Poison Magic   | 1 |  1.0
Fighting       | |  2.8
Throwing       | |  2.8
Unarmed Combat | |  2.8
Earth Magic    | |  8.8
Evocations     | |  2.8

Action                     |  1- 3 |  4- 6 || total
---------------------------+-------+-------++-------
  Melee: Unarmed           |     9 |       ||     9
         Dagger            |     6 |     1 ||     7
         Bite              |     2 |     1 ||     3
         Punch             |     1 |       ||     1
  Throw: Dart              |     2 |       ||     2
   Cast: Sandblast         |    61 |    19 ||    80
 Armour: Leather armour    |     8 |     4 ||    12
  Dodge: Dodged            |    19 |    10 ||    29

Table legend: (Time is in decaauts)
 A = Elapsed time spent in this place.
 B = Non-inter-level travel time spent in this place.
 C = Inter-level travel time spent in this place.
 D = Time resting spent in this place.
 E = Time spent auto-exploring this place.
 F = Levels seen in this place.
 G = Mean time per level.
                   A        B        C        D        E       F      G
               +--------+--------+--------+--------+--------+-----+--------+
         Total |   2314 |   2227 |     87 |      0 |   1891 |   3 |  771.3 |
       Dungeon |   2314 |   2227 |     87 |      0 |   1891 |   3 |  771.3 |
               +--------+--------+--------+--------+--------+-----+--------+

Top non-repeatable levels by time:
     D:2: 1284 daAuts
     D:1: 973 daAuts
     D:3: 57 daAuts
